 Dungeon Crawl Stone Soup version 0.25-a0-419-g7650d0d (webtiles) character file.

Game seed: 1596829470696176343, levelgen mode: deterministic

788 2tousent the Summoner (level 7, 0/46 HPs)
             Began as a Barachi Summoner on Jan 17, 2020.
             Slain by a sky beast (5 damage)
             ... on level 5 of the Dungeon.
             The game lasted 00:18:43 (6918 turns).

2tousent the Summoner (Barachi Summoner)            Turns: 6918, Time: 00:18:44

Health: 0/46       AC:  3    Str: 11    XL:     7   Next: 87%
Magic:  12/14      EV: 12    Int: 16    God:
Gold:   246        SH:  0    Dex: 10    Spells: 2/15 levels left

rFire    . . .     SeeInvis .   j - +0 spear
rCold    . . .     Gourm    .   (no shield)
rNeg     . . .     Faith    .   a - +0 robe
rPois    .         Spirit   .   (no helmet)
rElec    .         Reflect  .   A - +0 cloak
rCorr    .         Harm     .   (no gloves)
MR       .....                  (no boots)
Stlth    ++........             t - amulet of magic regeneration
HPRegen  0.15/turn              q - -2 ring of dexterity (curse)
MPRegen  0.39/turn              (no ring)

@: slow
A: +LOS, swims, slowness 1, strong legs 1
a: Hop


You were on level 5 of the Dungeon.
You were not hungry.

You visited 1 branch of the dungeon, and saw 5 of its levels.

You collected 246 gold pieces.

Inventory:

Hand Weapons
 g - a +0 dagger
 j - a +0 spear (weapon)
 v - a +0 halberd
 y - the +7 sceptre of Torment {pain, torment}
   (You found it on level 4 of the Dungeon)

   In the hands of one skilled in necromantic magic, it inflicts extra damage on
   living creatures.
Missiles
 l - 67 stones (quivered)
Armour
 a - a +0 robe (worn)
 k - a +1 shield
 r - a +0 leather armour
 A - a +0 cloak (worn)
Jewellery
 h - an uncursed amulet of regeneration
 n - an uncursed amulet of harm
 q - a cursed -2 ring of dexterity (left hand)
 t - an amulet of magic regeneration (around neck)
Wands
 o - a wand of random effects (20)
 z - a wand of polymorph (11)
Scrolls
 i - a scroll of fear
 w - 3 scrolls of remove curse
 C - a scroll of teleportation
Potions
 b - 3 potions of haste
 d - 3 potions of curing
 e - a potion of heal wounds
 f - 2 potions of agility
 m - a potion of brilliance
 p - a potion of mutation {unknown}
 s - 2 potions of magic {unknown}
 u - a potion of berserk rage {unknown}
 x - a potion of flight {unknown}
 B - a potion of ambrosia {unknown}
Comestibles
 c - 7 rations


   Skills:
 + Level 3.4 Polearms
 - Level 2.1 Dodging
 - Level 1.7 Stealth
 + Level 4.7 Spellcasting
 * Level 8.9 Summonings
 + Level 1.0 Air Magic


You had 2 spell levels left.
You knew the following spells:

 Your Spells              Type           Power        Failure   Level  Hunger
a - Summon Lightning Spi  Summ/Air       ###.....     21%         4    ####...
b - Call Imp              Summ           ####....     1%          2    ##.....
c - Call Canine Familiar  Summ           ####....     1%          3    ###....
d - Summon Guardian Gole  Hex/Summ       ###.....     8%          3    ###....
s - Summon Small Mammal   Summ           ####         1%          1    None

Your spell library contained the following spells:

 Spells                   Type           Power        Failure   Level  Hunger
 Magic Dart               Conj           #...         16%         1    None
 Blink                    Tloc           N/A          24%         2    ##.....
 Slow                     Hex            #.......     24%         2    ##.....
 Summon Ice Beast         Ice/Summ       ###.....     26%         4    ####...
 Mephitic Cloud           Conj/Pois/Air  #.......     38%         3    ###....
 Conjure Flame            Conj/Fire      #.......     43%         3    ###....


Dungeon Overview and Level Annotations

Branches:
Dungeon (5/15)
 Temple: D:4-7

Altars:
Dithmenos
Elyvilon
Fedhas
Makhleb
Uskayaw
Vehumet


Innate Abilities, Weirdness & Mutations

You can be seen from farther away. (+LOS)
You can swim through water.
You cover ground slowly.
You can hop short distances.


Message History

Casting: Call Canine Familiar (safe; 1% risk of failure)
Confirm with . or Enter, or press ? or * to list all spells.
A beastly little devil appears in a puff of flame.
Your crimson imp says, "You called?"
Your hound barely misses something.
Something hits you but does no damage.
Your hound closely misses something.
Your hound closely misses something.
Your hound bites something.
Attack whom?
Press: ? - help, Dir - move target cursor You closely miss something.
Something hits you.
* * * LOW HITPOINT WARNING * * *
Something shocks you.
* * * LOW HITPOINT WARNING * * *
Your hound closely misses something.
Unknown command.
You swap places.
Your hound bites something.
Something hits you.
* * * LOW HITPOINT WARNING * * *
Something shocks you.
You die...

####.## #...# ##.##
#..## #.. ##.###
#..# #.. #...###..#
..# # ##...#...#
...# ##
##........## ..#
.####....##....##
...###
#......####.....###
#.....## ##...###
#.....@.##≈......#
##.##
#.####.5h.........
#.... ...#
###..#####...
#.#### ##..# ##.#
.# ##.# #.# #. ###
### ##


You could see a friendly hound and a friendly crimson imp.

Vanquished Creatures
  A bullfrog (D:3)
  A howler monkey (D:5)
  A crimson imp (D:4)
  2 bullfrog skeletons (D:5)
  An orc priest (D:2)
  Crazy Yiuf (D:4)
  2 gnolls
  An adder (D:4)
  An adder zombie (D:5)
  An adder skeleton (D:4)
  A worm (D:5)
  A dart slug (D:1)
  2 leopard geckos
  2 orcs (D:4)
  2 ball pythons
  5 bats
  3 goblins
  A hobgoblin (D:3)
  A jackal (D:4)
  A frilled lizard (D:2)
  4 kobolds
  A quokka zombie (D:5)
  2 rats
38 creatures vanquished.

Vanquished Creatures (collateral kills)
  Sigmund (D:3)
  Menkaure (D:4)
  A phantom (D:4)
  An ogre (D:4)
  A scorpion (D:2)
  2 crimson imps (D:5)
  An orc priest (D:2)
  A bullfrog skeleton (D:4)
  An orc wizard (D:2)
  An iguana (D:4)
  2 worker ants (D:4)
  Terence (D:2)
  Robin (D:3)
  6 adders (D:3)
  5 gnolls
  2 oozes
  3 dart slugs
  A leopard gecko (D:3)
  4 orcs (D:2)
  A giant cockroach (D:1)
  9 goblins
  5 hobgoblins
  2 jackals (D:4)
  7 kobolds
  2 quokkas
  A ball python (D:4)
  3 bats
  3 frilled lizards
  2 rats (D:1)
  2 fungi (D:4)
73 creatures vanquished.

Vanquished Creatures (others)
  A rat (D:1)
1 creature vanquished.

Grand Total: 112 creatures vanquished

Notes
Turn   | Place    | Note
-------+----------+-------------------------------------------
     0 | D:1      | 2tousent the Barachi Summoner began the quest for the Orb.
     0 | D:1      | Reached XP level 1. HP: 13/13 MP: 3/3
   465 | D:1      | Reached skill level 5 in Summonings
   979 | D:1      | Reached XP level 2. HP: 13/19 MP: 1/5
  1146 | D:1      | Learned a level 2 spell: Call Imp
  2061 | D:1      | Reached XP level 3. HP: 16/24 MP: 7/7
  2176 | D:1      | Learned a level 3 spell: Call Canine Familiar
  2713 | D:2      | Noticed Terence
  2733 | D:2      | Killed Terence
  2824 | D:2      | Reached skill level 6 in Summonings
  2835 | D:2      | Reached XP level 4. HP: 29/30 MP: 3/8
  3510 | D:2      | Reached skill level 1 in Polearms
  3510 | D:2      | Reached XP level 5. HP: 35/35 MP: 6/10
  4084 | D:3      | Learned a level 4 spell: Summon Lightning Spire
  4320 | D:3      | Noticed Robin
  4325 | D:3      | Killed Robin
  4325 | D:3      | Reached skill level 7 in Summonings
  4447 | D:3      | Found a faded altar of an unknown god.
  4642 | D:3      | Reached XP level 6. HP: 33/41 MP: 3/11
  4853 | D:3      | Noticed Sigmund
  4872 | D:3      | Killed Sigmund
  5304 | D:4      | Found a white marble altar of Elyvilon.
  5475 | D:4      | Found the +7 sceptre of Torment {pain, torment}
  5503 | D:4      | Noticed Menkaure
  5509 | D:4      | Killed Menkaure
  5509 | D:4      | Reached skill level 8 in Summonings
  5509 | D:4      | Reached XP level 7. HP: 46/46 MP: 8/13
  5544 | D:4      | Learned a level 3 spell: Summon Guardian Golem
  5874 | D:4      | Found a burning altar of Makhleb.
  5875 | D:4      | Found a radiant altar of Vehumet.
  6109 | D:4      | Found a blossoming altar of Fedhas.
  6119 | D:4      | Found a shadowy altar of Dithmenos.
  6122 | D:4      | Found a hide-covered altar of Uskayaw.
  6285 | D:4      | Found a runed translucent door.
  6286 | D:4      | Noticed Crazy Yiuf
  6301 | D:4      | Killed Crazy Yiuf
  6330 | D:5      | Entered Level 5 of the Dungeon
  6777 | D:5      | Reached skill level 1 in Air Magic
  6918 | D:5      | Slain by a sky beast

Levels and vault maps discovered:
D:1:      dpeg_arrival_chambers_temple_mockup, layout_loops_cross,
          hangedman_abyss_or_decor_stabs
D:2:      cheibrodos_pilgrimage, layout_basic, first_ration, uniq_terence
D:3:      layout_loops_cross, chequers_ecumenical_altar_twisty, uniq_sigmund,
          uniq_robin
D:4:      layout_cave_pools, grunt_temple_overflow_lords_of_destruction,
          minmay_overflow_temple_star_quad, elyvilon_altar_5, st_stairs_4,
          kennysheep_opposing_triangles, uniq_crazy_yiuf_cottage, uniq_menkaure
D:5:      layout_layer_cave

Skill      XL: |  1  2  3  4  5  6  7 |
---------------+----------------------+-----
Summonings     | 5 6 7 8 |  8.9
Spellcasting   | 3 4 |  4.7
Polearms       | 1 2 3 |  3.4
Air Magic      | 1 |  1.0
Dodging        | |  2.1
Stealth        | |  1.7

Action                   |  1- 3 |  4- 6 |  7- 9 || total
-------------------------+-------+-------+-------++-------
Melee: Unarmed           |    40 |       |       ||    40
       Dagger            |    70 |       |       ||    70
       Spear             |       |   146 |   214 ||   360
 Cast: Summon Small Mamm |    14 |       |       ||    14
       Call Imp          |    10 |     1 |     2 ||    13
       Call Canine Famil |     6 |    13 |     6 ||    25
       Summon Lightning  |       |     9 |     2 ||    11
  Use: Scroll            |     5 |     3 |     1 ||     9
       Potion            |     1 |       |       ||     1
 Stab: Sleeping          |     1 |     1 |       ||     2
       Distracted        |       |     1 |       ||     1
  Eat: Chunk             |     5 |    12 |     4 ||    21
       Ration            |     1 |       |     1 ||     2
Armor: Robe              |    34 |    24 |    15 ||    73
Dodge: Dodged            |   108 |   100 |    90 ||   298

Table legend:
 A = Non-vault XP
 B = Vault XP
 C = Vault XP percentage of total XP
 D = Non-vault monster count
 E = Vault monster count
 F = Vault count percentage of total count
                 A         B        C        D         E       F
            +---------+---------+-------+---------+---------+-------
      Total |     688 |     439 |  39.0 |      79 |      30 |  27.5
            +---------+---------+-------+---------+---------+-------
        D:1 |      34 |       0 |   0.0 |      22 |       0 |   0.0
        D:2 |      60 |      96 |  61.5 |      12 |       8 |  40.0
        D:3 |     166 |     135 |  44.9 |      22 |      13 |  37.1
        D:4 |     227 |     208 |  47.8 |      14 |       9 |  39.1
        D:5 |     201 |       0 |   0.0 |       9 |       0 |   0.0
            +---------+---------+-------+---------+---------+-------
